AoeStats
← kingofkings

Nomad

510300037Analyzed
3v3 RM · 2d ago on Sep 30, 2026· 37m 39s· 6 players
Game mode
Random Map
Map size
210×210
Population
200
Speed
Normal
Resources
Standard
Victory
Conquest
Starting age
Dark Age
Ending age
Imperial Age
RankedLock teamsTeams togetherTeam positionsShared explorationLock speedFull tech treeHidden civsTurbo modeCheats
Victory
Defeat
🇹🇼 Italians · Taiwan
1308
+11
🇰🇷 Cumans · South Korea
1124
+18
🇮🇳 Goths · India
1118
+18
1241
-18
🇸🇪 Burgundians · Sweden
1195
-16
🇫🇷 Saracens · France
1100
-13
s
3:58 Loom
9:07 Double-Bit Axe
16:25 Feudal Age
15:06 Horse Collar
17:51 Bow Saw
23:42 Castle Age
24:36 Forging
24:26 Scale Mail Armor
24:51 Stone Mining
26:12 Stone Shaft Mining
35:55 Scale Barding Armor
DANSLESBOULES
5:11 Loom
13:01 Feudal Age
16:49 Castle Age
15:22 Fletching
16:15 Double-Bit Axe
16:14 Fishing Lines
17:47 Medium Warships
17:39 Bodkin Arrow
18:02 Town Watch
20:08 Gillnets
24:02 Wheelbarrow
28:42 Bow Saw
31:03 Forging
31:29 Elite Skirmisher
32:24 Scale Barding Armor
33:48 Padded Archer Armor
伐伐伐伐伐木工
4:45 Loom
14:45 Feudal Age
15:24 Fishing Lines
18:58 Castle Age
17:53 Stone Mining
18:04 Gold Mining
19:09 Wheelbarrow
18:48 Fletching
23:23 Pikeman
24:09 Squires
23:55 Arson
26:21 Scale Mail Armor
29:22 Forging
31:19 Hand Cart
36:42 Gold Shaft Mining
36:37 Gillnets
kingofkings
3:01 Loom
13:48 Feudal Age
18:15 Castle Age
16:45 Double-Bit Axe
19:25 Fletching
21:31 Wheelbarrow
21:10 Bow Saw
24:49 Horse Collar
25:58 Gold Mining
26:50 Heavy Plow
27:11 Hand Cart
32:35 Imperial Age
30:56 Anarchy
31:34 Squires
31:50 Forging
31:41 Scale Mail Armor
33:21 Iron Casting
33:43 Conscription
33:44 Chain Mail Armor
36:04 Blast Furnace
37:04 Heavy Scorpion
IAMDAGG
5:12 Loom
12:36 Feudal Age
12:56 Feudal Age
13:54 Double-Bit Axe
21:14 Castle Age
20:43 Stone Mining
22:25 Bow Saw
23:00 Horse Collar
23:50 Fletching
30:15 Imperial Age
28:24 Bodkin Arrow
28:31 Padded Archer Armor
32:00 Gold Mining
35:24 Chemistry
35:08 Ballistics
35:11 Leather Archer Armor
36:15 Bracer
36:46 Ring Archer Armor
SHK
4:25 Loom
5:39 Loom
14:23 Feudal Age
19:19 Castle Age
18:23 Double-Bit Axe
18:22 Horse Collar
Connection lost

Rejoining the realm…

Still unreachable

The connection could not be restored.

Session expired

The server has moved on; the page needs a fresh start.